 Dungeon Crawl Stone Soup version 0.17.1-3-g152610e (webtiles) character file.

22 hannobal the Insei (level 2, -4/18 HPs)
             Began as an Octopode Transmuter on Apr 17, 2016.
             Slain by an adder (5 damage)
             ... on level 2 of the Dungeon.
             The game lasted 00:02:01 (686 turns).

hannobal the Insei (Octopode Transmuter)             Turns: 686, Time: 00:02:01

Health: -4/18      AC:  1    Str:  9    XL:     2   Next: 91%
Magic:  5/5        EV: 12    Int: 15    God:
Gold:   31         SH:  0    Dex: 12    Spells: 1 memorised, 4 levels left

rFire  + . .     SeeInvis .       - Unarmed
rCold  . . .     Clarity  .     (no shield)
rNeg   . . .     SustAt   .     (helmet restricted)
rPois  .         Gourm    .     (no amulet)
rElec  .         Spirit   .     j - ring of protection from fire
rCorr  .         Warding  .     (no ring)
rMut   .         Stasis   .     (no ring)
MR     .....                    (no ring)
Stlth  ++........               (no ring)
                                (no ring)
                                (no ring)
                                (no ring)

@: lethally poisoned (-4 -> -10), not resistant to hostile enchantments,
unstealthy
A: almost no armour, amphibious, 8 rings, constrict 8, camouflage 1, gelatinous
body 1
a: no special abilities


You were on level 2 of the Dungeon.
You were not hungry.

You visited 1 branch of the dungeon, and saw 2 of its levels.

You collected 31 gold pieces.

Inventory:

Hand Weapons
 n - a +0 hunting sling
Missiles
 a - 12 arrows
 f - 39 stones (quivered)
 g - 10 bolts
 o - 23 sling bullets
Jewellery
 j - a ring of protection from fire (left tentacle)
Scrolls
 e - 2 scrolls of teleportation
 h - 2 scrolls of identify
 i - a scroll of fear
 m - a scroll of remove curse
Books
 b - a book of Changes

   Spells                             Type                      Level
   a - Beastly Appendage              Transmutation                1
   b - Sticks to Snakes               Transmutation                2
   c - Spider Form                    Transmutation/Poison         3
   d - Ice Form                       Ice/Transmutation            4
   e - Blade Hands                    Transmutation                5
Comestibles
 c - a bread ration
 d - 6 chunks of flesh
 k - a royal jelly
 l - 4 fruits


   Skills:
 - Level 1.0 Fighting
 - Level 2.0 Dodging
 + Level 4.0 Unarmed Combat
 - Level 2.0 Spellcasting
 - Level 2.0 Transmutations


You had 4 spell levels left.
You knew the following spells:

 Your Spells              Type           Power        Failure   Level  Hunger
a - Beastly Appendage     Trmt           #.....       12%         1    #......


Dungeon Overview and Level Annotations

Branches:
Dungeon (2/15)

Altars:


Innate Abilities, Weirdness & Mutations

You cannot wear most types of armour.
You are amphibious.
You can wear up to eight rings at the same time.
You can use your tentacles to constrict eight enemies at once.
Your skin changes colour to match your surroundings (Stealth).
Your rubbery body absorbs attacks (AC +1).


Message History

Your tentacle-slap misses the adder.
Your squeeze misses the adder.
The adder is heavily wounded.
The bat closely misses you. The adder barely misses you.
You tentacle-slap the adder. Your grab misses the adder.
The adder is severely wounded.
You feel sick. The bat hits you.
* * * LOW HITPOINT WARNING * * *
The adder closely misses you.
You closely miss the adder. Your grab misses the adder.
The adder is severely wounded.
The adder bites you.
* * * LOW HITPOINT WARNING * * *
The bat barely misses you.
You closely miss the adder. You grab the adder. Your squeeze misses the adder.
The adder is severely wounded.
You constrict the adder.
* * * LOW HITPOINT WARNING * * *
You feel sick. The bat hits you but does no damage.
The adder barely misses you. The adder bites you.
You die...

... + ... .#.
#.#####...
#.........
#.........
####........#
#.....(.b....
#...<@S......
#............
#...!........
............[..
.......#########
....).. .......
.......


You could see an adder and a bat.

Vanquished Creatures
  An ooze (D:1)
  A bat (D:1)
  2 giant cockroaches (D:1)
  2 goblins
  3 hobgoblins (D:1)
  A kobold (D:2)
  A ball python (D:1)
  3 giant newts (D:1)
  5 rats (D:1)
19 creatures vanquished.

Notes
Turn   | Place    | Note
--------------------------------------------------------------
     0 | D:1      | hannobal the Octopode Transmuter began the quest for the Orb.
     0 | D:1      | Reached XP level 1. HP: 13/13 MP: 3/3
   204 | D:1      | Reached XP level 2. HP: 12/18 MP: 5/5
   570 | D:2      | Reached skill level 4 in Unarmed Combat
   686 | D:2      | Slain by an adder

Action                   || total
-------------------------++-------
Melee: Unarmed           ||    44
  Use: Scroll            ||     6
       Potion            ||     2
 Stab: Sleeping          ||     6
